[Event "Titled Tuesday Blitz November 14 Early 2023"]
[White "Pourkashiyan, Atousa"]
[Black "Pendos666"]
[WhiteFideId "12502014"]
[WhiteElo "2508"]
[BlackElo "2825"]
[Result "1-0"]
[Round "3"]
[TimeControl "180+1"]
[Date "2023.11.14"]
[WhiteClock "0:00:16"]
[BlackClock "0:00:19"]
[Board "46"]

1. e4 c5 2. Nf3 g6 3. c4 Nc6 4. d4 cxd4 5. Nxd4 d6 6. Nc3 Nf6 7. Be3 Ng4 8. Nxc6 bxc6 9. Bc1 Qb6 10. Qc2 Bg7 11. h3 Ne5 12. Be2 Rb8 13. O-O Qb4 14. a3 Qb3 15. Qxb3 Rxb3 16. c5 dxc5 17. f4 Nd7 18. Bc4 Bd4+ 19. Kh1 Rb8 20. Na4 Nb6 21. Nxb6 axb6 22. Rb1 b5 23. Be2 Be6 24. Bd2 Ba2 25. Ra1 Bb3 26. Bc3 O-O 27. Rac1 Rfd8 28. Bxd4 cxd4 29. Bd3 Bc4 30. Rfd1 Bb3 31. Re1 Rb6 32. Rc5 e6 33. Rec1 Bc4 34. Rd1 Bxd3 35. Rxd3 b4 36. a4 b3 37. Rc4 c5 38. Rxc5 Rb4 39. a5 Ra4 40. Rb5 Rd7 41. Kg1 f5 42. exf5 gxf5 43. Rbxb3 Rxa5 44. Rb4 Rad5 45. Kf2 Kf7 46. Rc4 h5 47. b4 h4 48. Kf3 Kf6 49. g3 hxg3 50. Kxg3 Ra7 51. Rcxd4 Rxd4 52. Rxd4 Ra3+ 53. Kh4 Rb3 54. Rc4 Kg6 55. Rc6 Kf7 56. Rb6 Rf3 57. Kg5 Rg3+ 58. Kh4 Rg1 59. b5 Kf6 60. Rb8 Rf1 61. Kg3 Rg1+ 62. Kf2 Rb1 63. b6 Rb4 64. Ke3 Rb3+ 65. Kd4 Rxh3 66. Kc4 Rh7 67. b7 Rf7 68. Kc5 Rc7+ 69. Kd6 Rc1 70. Rf8+ Kg7 71. b8=Q Rd1+ 72. Kc5 1-0


[Site "https://www.chess.com"]

[Event "Titled Tuesday Blitz November 14 Early 2023"]
[White "Cherniaiev, Tykhon"]
[Black "WindWhistler11"]
[WhiteFideId "14182360"]
[WhiteElo "2824"]
[BlackElo "2462"]
[Result "1-0"]
[Round "3"]
[TimeControl "180+1"]
[Date "2023.11.14"]
[WhiteClock "0:00:04"]
[BlackClock "0:00:00"]
[Board "47"]

1. Nf3 Nf6 2. d4 e6 3. c4 c5 4. g3 cxd4 5. Nxd4 a6 6. Bg2 Qc7 7. Nd2 h5 8. b3 h4 9. Bb2 Nc6 10. Nxc6 bxc6 11. Qc2 h3 12. Bf3 d6 13. O-O-O e5 14. Ne4 Be7 15. Rd2 Kf8 16. Rhd1 Bf5 17. g4 Nxe4 18. Bxe4 Bxg4 19. Rg1 Be6 20. f4 Bf6 21. f5 Bd7 22. Ba3 Be7 23. Rgd1 Rh6 24. Kb1 Rd8 25. Rd3 Bc8 26. Qd2 d5 27. Bxe7+ Kxe7 28. cxd5 cxd5 29. Qg5+ Rf6 30. Kb2 d4 31. e3 Kf8 32. Rg1 dxe3 33. Qxg7+ Ke7 34. Rg6 Rxg6 35. fxg6 Rxd3 36. Qxf7+ Kd6 37. Qf6+ Be6 38. Bxd3 Qb6 39. Qf8+ Kd7 40. g7 Qd4+ 41. Ka3 Qc5+ 42. Qxc5 1-0


[Site "https://www.chess.com"]

[Event "Titled Tuesday Blitz November 14 Early 2023"]
[White "Vakhlamov, Igor L."]
[Black "Begunov, Konstantin"]
[WhiteFideId "24126748"]
[BlackFideId "4118510"]
[WhiteElo "2822"]
[BlackElo "2434"]
[Result "0-1"]
[Round "3"]
[TimeControl "180+1"]
[Date "2023.11.14"]
[WhiteClock "0:00:13"]
[BlackClock "0:00:22"]
[Board "48"]

1. e4 c5 2. Nf3 d6 3. Nc3 a6 4. d4 cxd4 5. Qxd4 Nc6 6. Qd3 Nf6 7. Nd5 e6 8. Nxf6+ Qxf6 9. Be2 Qd8 10. O-O Be7 11. Rd1 O-O 12. Bf4 e5 13. Be3 Be6 14. c3 b5 15. h3 h6 16. b4 Qc7 17. a4 Bb3 18. Rdc1 Bxa4 19. c4 bxc4 20. Qxc4 Bb5 21. Qc2 Bxe2 22. Qxe2 Qb7 23. Rab1 Nxb4 24. Nd2 a5 25. f3 Rfc8 26. Nc4 Qb5 27. Qf1 Rc6 28. Nd2 Qxf1+ 29. Nxf1 Rxc1 30. Bxc1 d5 31. exd5 Nxd5 32. Rb5 Nc3 33. Rxe5 Bf6 34. Re1 a4 35. Nd2 a3 36. Nb3 a2 37. Bb2 Rb8 38. Bxc3 Bxc3 39. Re2 Rxb3 40. Rxa2 g6 41. Kf2 Kg7 42. Ra4 Bf6 43. Kg3 Rd3 44. Re4 Rd4 45. Re2 Bh4+ 46. Kh2 h5 47. Rc2 Bg5 48. Kg3 h4+ 49. Kf2 Bf4 50. Ke2 Rb4 51. Ra2 g5 52. Rc2 Kg6 53. Rc6+ f6 54. Rc2 Be5 55. Kf1 Rb1+ 56. Ke2 Rb2 57. Rd2 Rxd2+ 58. Kxd2 Kf5 59. f4 Kxf4 60. Ke2 Kg3 61. Kf1 Bd4 62. Ke2 Kxg2 63. Kd3 Kxh3 64. Ke4 g4 65. Kf5 g3 66. Ke4 g2 67. Kf3 g1=Q 68. Kf4 Qg4# 0-1


[Site "https://www.chess.com"]

[Event "Titled Tuesday Blitz November 14 Early 2023"]
[White "Lacasa Diaz, Jose Antonio"]
[Black "Maksimovic, Bojan"]
[WhiteFideId "2203375"]
[BlackFideId "14408120"]
[WhiteElo "2345"]
[BlackElo "2822"]
[Result "1-0"]
[Round "3"]
[TimeControl "180+1"]
[Date "2023.11.14"]
[WhiteClock "0:00:07"]
[BlackClock "0:00:00"]
[Board "49"]

1. e4 g6 2. d4 Nf6 3. Nc3 d5 4. exd5 Nxd5 5. Nxd5 Qxd5 6. c3 Bg7 7. Nf3 c5 8. dxc5 Qxc5 9. Be3 Qc7 10. Bb5+ Nd7 11. O-O O-O 12. a4 a6 13. Be2 b6 14. Qd2 Bb7 15. Bh6 Rad8 16. Bxg7 Kxg7 17. Qe3 Qc5 18. Qxc5 Nxc5 19. Rfd1 Rxd1+ 20. Rxd1 Nxa4 21. Rd7 Bxf3 22. gxf3 e6 23. Bxa6 Nxb2 24. Rb7 Na4 25. c4 Ra8 26. Bb5 Kf6 27. Kg2 g5 28. h3 h5 29. Bxa4 Rxa4 30. Rxb6 Rxc4 31. Rb8 Kf5 32. Rh8 Kg6 33. Rg8+ Kf6 34. Rh8 h4 35. Rg8 Kf5 36. Rg7 f6 37. Rg8 Kf4 38. Rf8 f5 39. Re8 e5 40. Rg8 Rc3 41. Rf8 Ra3 42. Rf7 Rb3 43. Rf8 Rc3 44. Rf7 Rd3 45. Rf8 Rd4 46. Ra8 Rc4 47. Rb8 e4 48. fxe4 Rxe4 49. Rf8 Re5 50. Rf7 Rb5 51. Rf8 Rb3 52. Rf7 g4 53. hxg4 Kxg4 54. Rg7+ Kf4 55. Rg8 h3+ 56. Kh2 Rd3 57. Rg7 Ke4 58. Rh7 f4 59. Rh5 Rc3 60. Rh4 1-0


[Site "https://www.chess.com"]

[Event "Titled Tuesday Blitz November 14 Early 2023"]
[White "Vignesh N R"]
[Black "DavitSantryan02"]
[WhiteFideId "25012215"]
[WhiteElo "2819"]
[BlackElo "1801"]
[Result "1-0"]
[Round "3"]
[TimeControl "180+1"]
[Date "2023.11.14"]
[WhiteClock "0:00:27"]
[BlackClock "0:00:01"]
[Board "50"]

1. Nf3 d5 2. g3 Nf6 3. Bg2 c6 4. O-O Bg4 5. c4 Nbd7 6. d3 e5 7. cxd5 cxd5 8. Nc3 Bd6 9. Qb3 Nb6 10. Bg5 Be6 11. Bxf6 Qxf6 12. Nd2 d4 13. Nce4 Bxb3 14. Nxf6+ gxf6 15. axb3 a5 16. Bxb7 Ra7 17. Bc6+ Ke7 18. Nc4 Nxc4 19. bxc4 Rb8 20. Bb5 Bb4 21. Ra4 Kd6 22. Rfa1 Kc5 23. Kg2 f5 24. Kf3 f6 25. h3 h5 26. g4 fxg4+ 27. hxg4 hxg4+ 28. Kxg4 Rg7+ 29. Kf5 Rb6 30. Ke4 Rg4+ 31. Kf3 Rf4+ 32. Kg2 f5 33. Rh1 e4 34. Raa1 Rg6+ 35. Kf1 exd3 36. exd3 Rg3 37. Rd1 Rg6 38. Rh5 Re6 39. Bd7 Rf6 40. Rg5 Kb6 41. Kg2 Bd6 42. Rh1 Kc5 43. Rhh5 Kb4 44. Rxf5 R6xf5 45. Bxf5 Kb3 46. Be6 Kxb2 47. Rxa5 Kc3 48. c5 Kb4 49. cxd6 Kxa5 50. d7 Rf8 51. f4 Kb6 52. Kf3 Kc6 53. Ke4 Kd6 54. f5 Kc5 55. Ke5 Rh8 56. f6 Rf8 57. f7 Ra8 58. Kf6 Kd6 59. Bf5 Rb8 60. Be4 Kxd7 61. Kg7 Ke7 62. Bd5 Rf8 63. Bc4 Rd8 64. Kg6 Rf8 65. Kf5 Rc8 66. Ke5 Rd8 67. Bd5 Rxd5+ 68. Kxd5 Kxf7 69. Kxd4 Kf6 70. Kd5 Kf7 71. Kd6 Ke8 72. d4 Kd8 73. d5 Kc8 74. Ke7 1-0


[Site "https://www.chess.com"]

[Event "Titled Tuesday Blitz November 14 Early 2023"]
[White "Aravindh, Chithambaram VR."]
[Black "Nagare Kaivalya Sandip"]
[WhiteFideId "5072786"]
[BlackFideId "25957929"]
[WhiteElo "2950"]
[BlackElo "2681"]
[Result "1-0"]
[Round "3"]
[TimeControl "180+1"]
[Date "2023.11.14"]
[WhiteClock "0:01:26"]
[BlackClock "0:00:32"]
[Board "51"]

1. b3 e5 2. Bb2 Nc6 3. c4 Nf6 4. Nf3 Bc5 5. e3 e4 6. Nd4 O-O 7. Nf5 d5 8. cxd5 Qxd5 9. Ng3 Ne5 10. Nc3 Nd3+ 11. Bxd3 Qxd3 12. Rc1 Bd6 13. Na4 Ng4 14. Nc5 Bxc5 15. Rxc5 c6 16. h3 Nh6 17. Ne2 f5 18. O-O Qd8 19. Nf4 Qh4 20. d3 g5 21. g3 gxf4 22. gxh4 1-0


[Site "https://www.chess.com"]

[Event "Titled Tuesday Blitz November 14 Early 2023"]
[White "Rustemov, Alexander"]
[Black "Hua, Lefong"]
[WhiteFideId "4119002"]
[BlackFideId "2602253"]
[WhiteElo "2910"]
[BlackElo "2678"]
[Result "1-0"]
[Round "3"]
[TimeControl "180+1"]
[Date "2023.11.14"]
[WhiteClock "0:00:11"]
[BlackClock "0:00:15"]
[Board "52"]

1. d4 Nf6 2. c4 c5 3. d5 e6 4. Nc3 exd5 5. cxd5 d6 6. e4 g6 7. h3 Bg7 8. Nf3 a6 9. a4 Nbd7 10. Bd3 Nh5 11. Bg5 Bf6 12. Bh6 Ne5 13. Be2 Nxf3+ 14. Bxf3 Ng7 15. O-O O-O 16. Qd2 Re8 17. Bf4 Be5 18. Bxe5 Rxe5 19. Be2 Re8 20. Rfe1 Rb8 21. Bf1 Bd7 22. f4 b5 23. axb5 axb5 24. e5 b4 25. Ne4 dxe5 26. Nxc5 exf4 27. Qxf4 Qb6 28. Qf2 Bb5 29. Bxb5 Qxb5 30. d6 Rbd8 31. d7 Rxe1+ 32. Rxe1 Ne6 33. Ne4 Qf5 34. Nf6+ Kg7 35. Ne8+ Kf8 36. Qxf5 gxf5 37. Nf6 Kg7 38. Ne8+ Kg6 39. Rd1 Nc5 40. Rd6+ Kg5 41. Nf6 Ne4 42. Nxe4+ fxe4 43. Kf2 Kf5 44. Ke3 Ke5 45. Rd4 f5 46. g3 Ke6 47. Rxb4 Rxd7 48. Rb6+ Ke5 49. Rb5+ Ke6 50. Kf4 Rd3 51. Re5+ Kd6 52. Rxf5 Rf3+ 53. Kxe4 Rxg3 54. Rf3 Rg2 55. b3 Ke6 56. Kf4 Rb2 57. Kg5 Ke5 58. Kh6 Ke4 59. Rc3 Kf5 60. Kxh7 Kg5 61. Kg7 Kh4 62. Kf6 Kh5 63. Ke5 Kh4 64. Kd4 Kh5 65. Kc5 Kh4 66. b4 1-0


[Site "https://www.chess.com"]

[Event "Titled Tuesday Blitz November 14 Early 2023"]
[White "Chigaev, Maksim"]
[Black "Larino Nieto, David"]
[WhiteFideId "4108116"]
[BlackFideId "2256444"]
[WhiteElo "2902"]
[BlackElo "2637"]
[Result "1-0"]
[Round "3"]
[TimeControl "180+1"]
[Date "2023.11.14"]
[WhiteClock "0:00:18"]
[BlackClock "0:00:00"]
[Board "53"]

1. Nf3 e6 2. g3 b6 3. Bg2 Bb7 4. O-O Ne7 5. b3 d6 6. Bb2 Nd7 7. c4 h5 8. h4 f6 9. d4 c5 10. Nc3 a6 11. d5 e5 12. Ne4 Nf5 13. Qd3 Nh6 14. Nfd2 Bc8 15. f4 exf4 16. gxf4 Ng4 17. Ng3 Kf7 18. e4 Ra7 19. Rae1 Kg8 20. Nf3 Be7 21. Nf5 Nf8 22. e5 dxe5 23. Nxe7+ Rxe7 24. fxe5 fxe5 25. Nxe5 Rh6 26. Nc6 Rxc6 27. Rxe7 Qxe7 28. dxc6 Qxh4 29. Be5 Nxe5 30. Qd5+ Ne6 31. Qxe5 Nd4 32. Bd5+ Kh7 33. Qe4+ Qxe4 34. Bxe4+ Kh6 35. Rf8 1-0


[Site "https://www.chess.com"]

[Event "Titled Tuesday Blitz November 14 Early 2023"]
[White "Wadsworth, Matthew J"]
[Black "AlmasRakhmatullaev"]
[WhiteFideId "415804"]
[WhiteElo "2618"]
[BlackElo "2872"]
[Result "0-1"]
[Round "3"]
[TimeControl "180+1"]
[Date "2023.11.14"]
[WhiteClock "0:00:06"]
[BlackClock "0:00:17"]
[Board "54"]

1. Nf3 Nf6 2. b3 g6 3. Bb2 Bg7 4. e3 O-O 5. c4 b6 6. g3 Bb7 7. Bg2 d6 8. d4 Nbd7 9. O-O Re8 10. d5 e5 11. b4 a5 12. a3 Nh5 13. Nc3 f5 14. Nd2 e4 15. bxa5 Rxa5 16. Nb3 Ra8 17. Nd4 Nc5 18. a4 Nf6 19. Ba3 Nfd7 20. Rb1 Qc8 21. Ncb5 Rxa4 22. Bxc5 Nxc5 23. Ne6 Rxe6 24. dxe6 Rxc4 25. Re1 Nxe6 26. Bf1 Rc5 27. Nxd6 cxd6 28. Qxd6 Rc6 29. Qd5 Kh8 30. Red1 Bf6 31. Qd7 Qxd7 32. Rxd7 Bc8 33. Ra7 Nc5 34. Bb5 Rd6 35. Ra8 Rd8 36. Bc4 Bd7 37. Ra7 b5 38. Bxb5 Rb8 39. Bd3 Rxb1+ 40. Bxb1 Kg7 41. Ba2 Be7 42. h4 Kf6 43. Bc4 Be6 44. Bxe6 Nxe6 45. Ra6 h6 46. Kg2 g5 47. hxg5+ hxg5 48. Kg1 Ke5 49. Kg2 Bc5 50. Ra5 Kd5 51. Ra8 g4 52. Rg8 Ke5 53. Ra8 Be7 54. Ra5+ Kf6 55. Ra6 Kf7 56. Ra5 Kg6 57. Ra6 Kf6 58. Ra5 Bd6 59. Ra6 Be5 60. Ra5 Bc3 61. Ra6 Ke5 62. Rc6 Bb4 63. Rb6 Bc5 64. Ra6 Ng5 65. Ra5 Kd5 66. Ra6 Nf3 67. Rf6 Ke5 68. Rc6 Bd6 69. Ra6 Ne1+ 70. Kf1 Nd3 71. Kg2 Bb4 72. Ra8 Be1 73. Re8+ Kf6 74. Rf8+ Ke6 75. Re8+ Kf7 76. Rd8 Bxf2 77. Rxd3 exd3 78. Kxf2 Ke6 79. Ke1 Ke5 80. Kd1 Ke4 81. Kd2 Kf3 0-1


[Site "https://www.chess.com"]

[Event "Titled Tuesday Blitz November 14 Early 2023"]
[White "Klukin, Kirill"]
[Black "Ezat, Mohamed"]
[WhiteFideId "24199273"]
[BlackFideId "10600906"]
[WhiteElo "2862"]
[BlackElo "2616"]
[Result "1-0"]
[Round "3"]
[TimeControl "180+1"]
[Date "2023.11.14"]
[WhiteClock "0:00:07"]
[BlackClock "0:00:22"]
[Board "55"]

1. d4 Nf6 2. c4 d6 3. Nc3 Bf5 4. Qb3 Qc8 5. g3 Nc6 6. Nf3 Ne4 7. Bg2 Nxc3 8. Qxc3 Be4 9. O-O e6 10. b3 Be7 11. Bb2 Bf6 12. Qe3 d5 13. cxd5 Bxd5 14. Qd3 Bxf3 15. Bxf3 O-O 16. Bxc6 bxc6 17. Rac1 Rd8 18. Rxc6 e5 19. Rfc1 exd4 20. Rxc7 Qe6 21. R7c4 h5 22. h4 a5 23. Qf3 a4 24. Bxd4 Bxd4 25. Rxd4 axb3 26. axb3 Re8 27. Qxh5 Ra2 28. e3 Qxb3 29. Rf4 Rea8 30. Qc5 Ra1 31. Kg2 Rxc1 32. Qxc1 Qd5+ 33. Kg1 g6 34. Rd4 Qf3 35. Qd1 Qf6 36. Kg2 Ra2 37. Qf3 Qe6 38. h5 Ra5 39. hxg6 Qxg6 40. Rg4 Rg5 41. Rxg5 Qxg5 42. Kh3 Qh6+ 43. Kg2 Qg5 44. Qf4 Qd5+ 45. e4 Qc4 46. Qg4+ Kf8 47. Qf5 Qe2 48. Qe5 Kg8 49. Qd4 Qg4 50. Qd8+ Kg7 51. Qe7 Qe2 52. Qh4 Kg8 53. Qf4 Kg7 54. Qf3 Qc2 55. g4 Kg8 56. Qf4 Qe2 57. g5 Kg7 58. Qf3 Qc2 59. Qf6+ Kg8 60. Qd8+ Kg7 61. Qd4+ Kg8 62. Qe3 Qc6 63. Qf4 Qe6 64. Kg3 Qb3+ 65. Qf3 Qb1 66. Kg2 Qc2 67. Qf5 Qc6 68. Kg3 Qc1 69. Kh2 Qc7+ 70. Kg2 Qc6 71. Qd5 Qa6 72. Qd8+ Kh7 73. Qf6 Qc4 74. Kf3 Qd3+ 75. Kf4 Qd2+ 76. Kg3 Qd3+ 77. f3 Qc4 78. Qh6+ Kg8 79. g6 Qc7+ 80. Qf4 Qe7 81. Qxf7+ Kh8 82. g7+ Kh7 83. g8=Q+ Kh6 84. Qgg6# 1-0


[Site "https://www.chess.com"]

[Event "Titled Tuesday Blitz November 14 Early 2023"]
[White "Yanchenko, Roman"]
[Black "JuniorJumper"]
[WhiteFideId "4137329"]
[WhiteElo "2844"]
[BlackElo "2605"]
[Result "1-0"]
[Round "3"]
[TimeControl "180+1"]
[Date "2023.11.14"]
[WhiteClock "0:01:37"]
[BlackClock "0:00:27"]
[Board "56"]

1. d4 d5 2. Nf3 e6 3. c4 c6 4. Nc3 dxc4 5. Bf4 Nf6 6. a4 Bb4 7. e3 Nd5 8. Rc1 Nxf4 9. exf4 b5 10. g3 Bb7 11. Bg2 a6 12. O-O O-O 13. Ne5 f6 14. Ng4 Qb6 15. Re1 c5 16. dxc5 Bxc5 17. Bxb7 Qxb7 18. Rxe6 Nd7 19. Qe2 Rad8 20. Rd1 Kh8 21. axb5 axb5 22. h4 Nb8 23. Rxd8 Rxd8 24. Re8+ Bf8 25. Rxd8 1-0


[Site "https://www.chess.com"]

[Event "Titled Tuesday Blitz November 14 Early 2023"]
[White "Hafiz, Arif Abdul"]
[Black "Manukyan, Sargis A."]
[WhiteFideId "7104227"]
[BlackFideId "13303970"]
[WhiteElo "2832"]
[BlackElo "2595"]
[Result "1-0"]
[Round "3"]
[TimeControl "180+1"]
[Date "2023.11.14"]
[WhiteClock "0:00:49"]
[BlackClock "0:00:31"]
[Board "57"]

1. e4 c5 2. Nc3 d6 3. f4 Nc6 4. Nf3 g6 5. Bb5 Bd7 6. O-O Bg7 7. d3 e6 8. f5 exf5 9. Bf4 Ne5 10. exf5 Bxb5 11. Nxb5 Qd7 12. Nxd6+ Qxd6 13. Nxe5 Ne7 14. Nc4 Qd7 15. Nd6+ Kf8 16. f6 Nc6 17. fxg7+ Kxg7 18. Qf3 f5 19. Rae1 Raf8 20. Qd5 Rd8 21. Qxc5 Rhf8 22. Be5+ Nxe5 23. Qxe5+ Kg8 24. Qe6+ Kg7 25. Qxd7+ Rxd7 26. Nc4 b5 27. Ne5 Rc7 28. Re2 Re8 29. Rfe1 a5 30. Nf3 Rxe2 31. Rxe2 Kf6 32. c3 g5 33. Nd4 b4 34. Re6+ Kf7 35. Rc6 Rb7 36. Nxf5 bxc3 37. Nd6+ Ke7 38. Nxb7 cxb2 39. Rb6 1-0


[Site "https://www.chess.com"]

[Event "Titled Tuesday Blitz November 14 Early 2023"]
[White "Fernandez, Daniel"]
[Black "Tikhonov, Viacheslav"]
[WhiteFideId "2015390"]
[BlackFideId "44196407"]
[WhiteElo "2806"]
[BlackElo "2594"]
[Result "1-0"]
[Round "3"]
[TimeControl "180+1"]
[Date "2023.11.14"]
[WhiteClock "0:00:18"]
[BlackClock "0:00:04"]
[Board "58"]

1. e4 c5 2. Nf3 g6 3. d4 cxd4 4. Nxd4 Nc6 5. c4 Nf6 6. Nc3 Nxd4 7. Qxd4 d6 8. Be2 Bg7 9. Be3 O-O 10. Qd2 Be6 11. Rc1 Qa5 12. f3 Rfc8 13. b3 a6 14. Na4 Qxd2+ 15. Kxd2 Nd7 16. g4 Rcb8 17. Nc3 b5 18. Nd5 Bxd5 19. cxd5 Nc5 20. Bxc5 dxc5 21. Rxc5 Rc8 22. Rxc8+ Rxc8 23. f4 Bc3+ 24. Kd3 b4 25. Ke3 e6 26. Rd1 exd5 27. Rxd5 Rc7 28. Bxa6 Ra7 29. Rd6 Kf8 30. e5 g5 31. h3 Ke7 32. Rc6 gxf4+ 33. Kxf4 Rd7 34. Bc4 Bd2+ 35. Kf5 h6 36. Rf6 Rd4 37. Rxf7+ Ke8 38. Rb7 Bc3 39. Ke6 Kd8 40. Rb8+ Kc7 41. Rh8 Re4 42. Rh7+ Kc6 43. Bd5+ 1-0


[Site "https://www.chess.com"]

[Event "Titled Tuesday Blitz November 14 Early 2023"]
[White "Vlassov, Nikolai"]
[Black "Narayanan, Srinath"]
[WhiteFideId "4103360"]
[BlackFideId "5018420"]
[WhiteElo "2584"]
[BlackElo "2794"]
[Result "1/2-1/2"]
[Round "3"]
[TimeControl "180+1"]
[Date "2023.11.14"]
[WhiteClock "0:00:59"]
[BlackClock "0:01:20"]
[Board "59"]

1. e4 c5 2. c3 Nf6 3. e5 Nd5 4. d4 cxd4 5. cxd4 Nc6 6. Nc3 Nxc3 7. bxc3 d6 8. f4 dxe5 9. fxe5 g6 10. Nf3 Bg7 11. Bd3 O-O 12. O-O f6 13. Bf4 Kh8 14. Qe2 Bg4 15. Qe3 Bxf3 16. Rxf3 fxe5 17. dxe5 Qb6 18. Qxb6 axb6 19. Rb1 Bxe5 20. Bxe5+ Nxe5 21. Rxf8+ Rxf8 22. Be4 Rf6 23. Bxb7 Nc4 24. Re1 e6 25. Bc8 e5 26. Ba6 Rc6 27. Bxc4 Rxc4 28. Rxe5 Rxc3 29. Rb5 Rc1+ 30. Kf2 Rc2+ 31. Kf3 Rxa2 32. Rxb6 Kg7 33. h4 Ra3+ 34. Kf4 Ra4+ 35. Kg3 h5 36. Rc6 Rg4+ 37. Kh3 Kf7 38. g3 Ke7 39. Kg2 Kd7 40. Ra6 Kc7 41. Kf3 Kd7 42. Rf6 Ke7 43. Rf4 Rxf4+ 44. Kxf4 Kf6 45. g4 hxg4 46. Kxg4 Kf7 47. Kg5 Kg7 48. h5 gxh5 49. Kxh5 1/2-1/2


[Site "https://www.chess.com"]

[Event "Titled Tuesday Blitz November 14 Early 2023"]
[White "Idani, Pouya"]
[Black "The_Sherman_Variation"]
[WhiteFideId "12510130"]
[WhiteElo "2788"]
[BlackElo "2573"]
[Result "1-0"]
[Round "3"]
[TimeControl "180+1"]
[Date "2023.11.14"]
[WhiteClock "0:00:17"]
[BlackClock "0:00:12"]
[Board "60"]

1. d4 Nf6 2. c4 e6 3. Nc3 d5 4. cxd5 exd5 5. Bg5 c6 6. e3 Be7 7. Bd3 h6 8. Bh4 O-O 9. Nge2 Ne8 10. Bg3 Nd6 11. O-O Bf5 12. f3 Bxd3 13. Qxd3 f5 14. Nf4 Qd7 15. Ng6 Rf6 16. Nxe7+ Qxe7 17. Bxd6 Qxd6 18. e4 fxe4 19. fxe4 dxe4 20. Nxe4 Rxf1+ 21. Rxf1 Qd5 22. Nf6+ gxf6 23. Qg6+ Kh8 24. Qxh6+ Kg8 25. Qg6+ Kh8 26. Rf4 Qg5 27. Qe8+ Kg7 28. Re4 Na6 29. Qxa8 Qc1+ 30. Kf2 Qd2+ 31. Kf3 Qd3+ 32. Re3 Qf5+ 33. Kg3 Qg5+ 34. Kf2 Qf5+ 35. Rf3 Qc2+ 36. Kg3 Qg6+ 37. Kf4 Qg5+ 38. Ke4 Qg6+ 39. Ke3 Qg5+ 40. Rf4 Qxg2 41. Qxb7+ Kg6 42. Qxa6 Qg1+ 43. Rf2 Qg5+ 44. Ke2 Qg4+ 45. Ke1 Qe4+ 46. Qe2 Qb1+ 47. Kd2 Qxb2+ 48. Ke3 Qc1+ 49. Qd2 Qh1 50. Rg2+ Kf7 51. Kf2 Qb1 52. h3 Qf5+ 53. Kg3 c5 54. Qf4 Qd3+ 55. Kh2 cxd4 56. h4 Qc3 57. h5 d3 58. h6 Qc5 59. Qg4 Qe5+ 60. Kh3 Qe3+ 61. Rg3 Qxh6+ 62. Qh4 Qf4 63. Qxf4 1-0


[Site "https://www.chess.com"]

[Event "Titled Tuesday Blitz November 14 Early 2023"]
[White "Silva Lucena, Cristian"]
[Black "Budisavljevic, Luka"]
[WhiteFideId "2232588"]
[BlackFideId "960047"]
[WhiteElo "2548"]
[BlackElo "2765"]
[Result "0-1"]
[Round "3"]
[TimeControl "180+1"]
[Date "2023.11.14"]
[WhiteClock "0:01:57"]
[BlackClock "0:01:41"]
[Board "61"]

1. e4 c5 2. Nf3 e6 3. d4 cxd4 4. Nxd4 a6 5. g3 d5 6. Nb3 dxe4 7. Qxd8+ Kxd8 8. Nc3 f5 9. Bg5+ Be7 10. O-O-O+ Bd7 11. Bf4 Nc6 12. Bc4 Ke8 13. h4 Nf6 14. Na4 b5 15. Nb6 bxc4 16. Nd2 Ra7 17. Ndxc4 Rb7 18. h5 e5 19. Bg5 h6 20. Bxf6 gxf6 21. Rd6 Rxb6 22. Rxd7 Kxd7 23. Nxb6+ Ke6 24. c3 f4 25. Nc4 f5 0-1


[Site "https://www.chess.com"]

[Event "Titled Tuesday Blitz November 14 Early 2023"]
[White "Petkov, Momchil"]
[Black "Aggelis, Nikolaos"]
[WhiteFideId "2921642"]
[BlackFideId "4213220"]
[WhiteElo "2731"]
[BlackElo "2547"]
[Result "1/2-1/2"]
[Round "3"]
[TimeControl "180+1"]
[Date "2023.11.14"]
[WhiteClock "0:00:10"]
[BlackClock "0:00:22"]
[Board "62"]

1. d4 f5 2. Bg5 Nf6 3. Bxf6 exf6 4. e3 d5 5. c4 c6 6. Nc3 Be6 7. cxd5 Bxd5 8. Qc2 Be6 9. Nge2 Bd6 10. g3 O-O 11. Nf4 Bxf4 12. gxf4 Nd7 13. Bd3 g6 14. h4 h5 15. O-O-O Kh7 16. Rhg1 Rg8 17. e4 fxe4 18. Bxe4 f5 19. d5 cxd5 20. Bxd5 Bxd5 21. Rxd5 Qe7 22. Qd2 Nf6 23. Re1 Qf7 24. Rd6 Rge8 25. Re5 Ng4 26. Red5 Re7 27. f3 Nf6 28. Re5 Rae8 29. Qd4 Ng8 30. Nd5 Re6 31. Rdxe6 Rxe6 32. Kb1 Rd6 33. Qc5 Qd7 34. a3 b6 35. Qc4 Rc6 36. Qe2 Rd6 37. Nc3 Kh6 38. Qg2 Qd8 39. Qe2 Rd2 40. Qe3 Qd3+ 41. Qxd3 Rxd3 42. Re8 Nf6 43. Rh8+ Kg7 44. Ra8 Rxf3 45. Rxa7+ Kg8 46. Rb7 Rxf4 47. Rxb6 Kg7 48. Rxf6 Kxf6 49. Nd5+ Ke5 50. Nxf4 Kxf4 51. a4 Kg3 52. a5 f4 53. a6 f3 54. a7 f2 55. a8=Q f1=Q+ 56. Ka2 Qf7+ 57. b3 Kxh4 58. Qh1+ Kg5 59. Qc1+ Kf5 60. Qf1+ Ke6 61. Qc4+ Kf6 62. Qd4+ Ke7 63. Qc5+ Ke8 64. Qc8+ Ke7 65. Qc5+ Kf6 66. Qd4+ Ke7 67. Qc5+ 1/2-1/2


[Site "https://www.chess.com"]

[Event "Titled Tuesday Blitz November 14 Early 2023"]
[White "Tristan, Leonardo"]
[Black "Garagulya, Konstantin"]
[WhiteFideId "113816"]
[BlackFideId "4128931"]
[WhiteElo "2725"]
[BlackElo "2531"]
[Result "1-0"]
[Round "3"]
[TimeControl "180+1"]
[Date "2023.11.14"]
[WhiteClock "0:01:26"]
[BlackClock "0:00:00"]
[Board "63"]

1. d4 Nf6 2. Bf4 e6 3. Nf3 c5 4. e3 Qb6 5. Na3 d5 6. Nb5 Na6 7. a4 c4 8. b3 cxb3 9. c3 Nh5 10. Be5 f6 11. Nd2 g6 12. g4 fxe5 13. gxh5 exd4 14. exd4 b2 15. Rb1 Qd8 16. Qg4 Qf6 17. Bd3 e5 18. Qg3 e4 19. Bxe4 dxe4 20. Nxe4 Qe6 21. O-O Qg4 22. Nf6+ 1-0


[Site "https://www.chess.com"]

[Event "Titled Tuesday Blitz November 14 Early 2023"]
[White "Begmuratov, Alisher"]
[Black "Bommini Mounika Akshaya"]
[WhiteFideId "14203367"]
[BlackFideId "25019872"]
[WhiteElo "2709"]
[BlackElo "2273"]
[Result "1-0"]
[Round "3"]
[TimeControl "180+1"]
[Date "2023.11.14"]
[WhiteClock "0:01:29"]
[BlackClock "0:01:06"]
[Board "64"]

1. c4 e5 2. g3 c6 3. Bg2 Nf6 4. Nc3 d5 5. cxd5 cxd5 6. d4 e4 7. Bg5 Nc6 8. Bxf6 gxf6 9. e3 h5 10. h4 Bg4 11. Nge2 Qd7 12. O-O Rg8 13. Qb3 Rd8 14. Nf4 Ne7 15. Rac1 Bh6 16. Nfxd5 Nxd5 17. Nxe4 Rg6 18. Nc5 Qf5 19. e4 1-0


[Site "https://www.chess.com"]

[Event "Titled Tuesday Blitz November 14 Early 2023"]
[White "Lebedev, Artem S."]
[Black "Ilkhomi, Jaloliddin"]
[WhiteFideId "34272747"]
[BlackFideId "14700948"]
[WhiteElo "2338"]
[BlackElo "2702"]
[Result "1/2-1/2"]
[Round "3"]
[TimeControl "180+1"]
[Date "2023.11.14"]
[WhiteClock "0:01:50"]
[BlackClock "0:01:11"]
[Board "65"]

1. e4 e6 2. b3 d5 3. Bb2 dxe4 4. Nc3 Nf6 5. Qe2 Be7 6. Nxe4 Nxe4 7. Qxe4 Bf6 8. d4 Qd5 9. Qxd5 exd5 10. O-O-O Bf5 11. Re1+ Kd7 12. Nf3 Nc6 13. Bb5 a6 14. Bxc6+ Kxc6 15. Ne5+ Bxe5 16. Rxe5 Bd7 17. Rhe1 Rae8 18. Ba3 Rxe5 19. Rxe5 Re8 20. Rxe8 Bxe8 21. Kd2 Bd7 22. Bf8 g6 23. a3 Bf5 24. g3 Kd7 25. f3 h5 26. h4 Ke6 27. Bh6 Kd7 28. Bf8 Ke6 29. Bh6 Ke7 30. Bf4 c6 31. a4 Bh3 32. a5 Bf5 33. c3 1/2-1/2


[Site "https://www.chess.com"]